 Dungeon Crawl Stone Soup version 0.29-a0-284-gf9362112df (webtiles) character file.

Game seed: 18314607673854259268

5709 rabbitsville the Fighter (level 10, 0/94 HPs)
             Began as a Minotaur Wanderer on Mar 30, 2022.
             Was a Priest of Okawaru.
             Engulfed by a cloud of flame (8 damage)
             ... on level 9 of the Dungeon on Mar 31, 2022.
             The game lasted 00:31:04 (7752 turns).

rabbitsville the Fighter (Minotaur Wanderer)        Turns: 7752, Time: 00:31:05

Health: 0/94       AC: 15    Str: 19    XL:     10   Next: 48%
Magic:  10/10      EV:  7    Int:  9    God:    Okawaru [***...]
Gold:   359        SH:  8    Dex: 12    Spells: 10/11 levels left

rFire   . . .      SeeInvis .   a - +5 trident
rCold   . . .      Faith    .   e - +2 buckler
rNeg    + . .      Spirit   .   r - +0 chain mail
rPois   .          Reflect  .   (helmet restricted)
rElec   .          Harm     .   j - +0 cloak
rCorr   .          Rampage  .   b - +0 pair of gloves
Will    .....                   J - +0 pair of boots
Stlth   ..........              k - amulet of regeneration
HPRegen 1.05/turn               G - ring of positive energy
MPRegen 0.12/turn               (no ring)

@: hasted, very quick
A: horns 2, retaliatory headbutt
a: Renounce Religion, Heroism


You were on level 9 of the Dungeon.
You worshipped Okawaru.
Okawaru was most pleased with you.
You visited 2 branches of the dungeon, and saw 10 of its levels.
You also visited: Ossuary.

You collected 359 gold pieces.

Inventory:

Hand Weapons
 a - a +5 trident (weapon)
Armour
 b - a +0 pair of gloves (worn)
 d - a +0 leather armour
 e - a +2 buckler (worn)
 j - a +0 cloak (worn)
 r - a +0 chain mail (worn)
 J - a +0 pair of boots (worn)
Jewellery
 g - an amulet of reflection
 k - an amulet of regeneration (around neck)
 C - an amulet of guardian spirit
 G - a ring of positive energy (left hand)
Wands
 w - a wand of iceblast (6) (quivered)
 B - a wand of polymorph (8)
Scrolls
 c - 4 scrolls of blinking
 f - a scroll of noise {unknown}
 i - 2 scrolls of enchant armour
 m - a scroll of magic mapping {unknown}
 n - 2 scrolls of enchant weapon
 o - a scroll of brand weapon {unknown}
 q - 2 scrolls of immolation
 u - a scroll of vulnerability {unknown}
 v - a scroll of fear {unknown}
 x - a scroll of fog {unknown}
 y - a scroll of amnesia {unknown}
 E - 2 scrolls of holy word
 H - a scroll of summoning {unknown}
 I - a scroll of silence {unknown}
Potions
 h - 4 potions of mutation
 l - 2 potions of lignification {unknown}
 s - 2 potions of curing
 t - a potion of brilliance {unknown}
 z - 2 potions of might
 A - 3 potions of flight
 D - a potion of haste
 F - a potion of magic {unknown}


   Skills:
 + Level 10.9 Fighting
 + Level 10.6 Polearms
 - Level 1.0 Throwing
 + Level 9.7 Armour
 - Level 1.0 Stealth
 - Level 8.0 Shields
 - Level 1.0 Spellcasting
 - Level 1.0 Ice Magic


You had 10 spell levels left.
You knew the following spells:

 Your Spells              Type           Power      Damage    Failure   Level
a - Freeze                Ice            8%         1d3       94%         1

Your spell library contained the following spells:

 Spells                   Type           Power      Damage    Failure   Level
 Corpse Rot               Necr/Air       0%         N/A       99%         2
 Poisonous Vapours        Pois/Air       0%         N/A       99%         2
 Scorch                   Fire           0%         2d5       99%         2
 Ozocubu's Armour         Ice            2%         N/A       100%        3
 Flame Wave               Conj/Fire      0%         2d4       100%        4
 Orb of Destruction       Conj           0%         9d5       100%        7
 Summon Guardian Golem    Hex/Summ       Unusable   N/A       N/A         3
 Summon Cactus Giant      Summ           Unusable   N/A       N/A         6
 Spellforged Servitor     Conj/Summ      Unusable   N/A       N/A         7

Dungeon Overview and Level Annotations

Branches:
Dungeon (9/15)             Temple (1/1) D:7            Lair (0/6) D:9
Ossuary (visited)
    Orc: D:9-12

Altars:
Ashenzari
Cheibriados
Dithmenos
Fedhas
Gozag
Hepliaklqana
Kikubaaqudgha
Makhleb
Nemelex Xobeh
Okawaru
Ru
Sif Muna
Uskayaw
Vehumet
Wu Jian
Xom
Zin
The Shining One

Shops:
D:6 [   D:7 [

Annotations:
D:9 exclusion: upstairs


Innate Abilities, Weirdness & Mutations

You have a pair of horns on your head.
You reflexively headbutt those who attack you in melee.


Message History

* * * LOW HITPOINT WARNING * * *
You hit the acid dragon but do no damage.
The acid dragon bites you!
* * * LOW HITPOINT WARNING * * *
The acid dragon claws you but does no damage.
You puncture the acid dragon!
The acid dragon is moderately wounded.
The howler monkey hoots and howls with incredible vigour! x2
You feel better. The acid dragon bites you.
* * * LOW HITPOINT WARNING * * *
The acid dragon claws you but does no damage.
Really read the scroll of immolation?
As you read the scroll of immolation, it crumbles to dust.
The creatures around you are filled with an inner flame!
The acid dragon spits acid at you. The splash of acid misses you.
You feel yourself speed up. The acid dragon closely misses you.
The acid dragon claws you but does no damage.
You hit the acid dragon but do no damage.
The acid dragon is moderately wounded.
The howler monkey hoots and howls with incredible vigour!
You block the acid dragon's attack.
The acid dragon claws you but does no damage.
You are too injured to fight recklessly!
Reach: a) +5 trident
Press: ? - help, Dir - move target, f - acid dragon
Aim: an acid dragon (moderately wounded, inner flame, about 29% to evade your +5 trident)
You reach to attack!
You hit the acid dragon.
Flame seeps out of the acid dragon.
The acid dragon is heavily wounded.
The acid dragon is engulfed in blazing flames.
Flame seeps out of the acid dragon.
You hit the acid dragon. Okawaru accepts your kill.
The acid dragon scales are intact enough to wear.
The acid dragon explodes!
The fiery explosion engulfs you!
* * * LOW HITPOINT WARNING * * *
You are engulfed in blazing flames.
You die...

.......Y. ..................
.......Y. ..................
.......h. ..................
.......Y# #####.............
........# ### #.............
......DK#######.............
......hKKh○§§.+...........>.
.......K###§###.............
........# #@# #.............
........###'###.............
..................#.......#.
........#####....###..######
......... ###### #### #
........#


There were no monsters in sight!

Vanquished Creatures
  A two-headed ogre (D:9)
  Pikel (D:6)
  Grinder (D:5)
  A hornet (D:7)
  Sigmund (D:5)
  6 yaks (D:9)
  A wyvern (D:7)
  A steam dragon (D:7)
  An acid dragon (D:9)
  A water moccasin (D:6)
  Duvessa (D:6)
  3 ogres
  A black bear (D:6)
  2 centaurs
  2 lemures (D:6)
  Blork the orc (D:6)
  A bullfrog (D:6)
  A necrophage (D:4)
  2 scorpions
  15 wights
  Dowan (D:6)
  6 killer bees (D:9)
  3 howler monkeys
  A centaur zombie (Ossuary)
  An orc priest (D:5)
  A gnoll shaman (D:7)
  2 human zombies (Ossuary)
  5 jellies
  4 iguanas
  4 orc wizards
  2 mummies (Ossuary)
  7 gnolls
  3 adders (D:5)
  An ufetubus (D:5)
  An adder zombie (Ossuary)
  2 dart slugs
  13 orcs
  3 bats (D:2)
  6 endoplasms
  5 giant cockroaches
  8 goblins
  6 hobgoblins
  7 jackals (D:2)
  9 kobolds
  3 quokkas
  14 ball pythons
  A frilled lizard (D:1)
  4 goblin zombies (Ossuary)
  9 hobgoblin zombies (Ossuary)
  2 jackal zombies (Ossuary)
  10 kobold zombies (Ossuary)
  7 orc zombies (Ossuary)
  2 rats
  A rat zombie (Ossuary)
198 creatures vanquished.

Notes
Turn   | Place    | Note
-------+----------+-------------------------------------------
     0 | D:1      | rabbitsville the Minotaur Wanderer began the quest for the
                  | Orb.
     0 | D:1      | rabbitsville set off with the following items: a +0 club, a
                  | +0 pair of gloves, a potion of heal wounds, a +0 leather
                  | armour, a +2 buckler; and the following spell memorised:
                  | Freeze; and the following spells available to memorise:
                  | Ozocubu's Armour
     0 | D:1      | Reached XP level 1. HP: 14/14 MP: 1/1
    58 | D:1      | Reached skill level 1 in Fighting
    93 | D:1      | Reached XP level 2. HP: 23/23 MP: 2/2
   635 | D:1      | Reached XP level 3. HP: 28/29 MP: 3/3
  2056 | D:3      | Reached skill level 1 in Polearms
  2624 | D:3      | Reached XP level 4. HP: 37/37 MP: 4/4
  3010 | D:4      | Noticed a scorpion
  3010 | D:4      | Noticed a necrophage
  3043 | D:5      | Entered Level 5 of the Dungeon
  3156 | D:4      | Reached XP level 5. HP: 24/45 MP: 5/5
  3188 | D:4      | Found a sand-covered staircase.
  3193 | Ossuary  | Entered an ossuary
  3562 | Ossuary  | Reached XP level 6. HP: 39/52 MP: 6/6
  4009 | D:4      | Reached skill level 5 in Fighting
  4153 | D:4      | Reached XP level 7. HP: 53/61 MP: 7/7
  4180 | D:4      | Found an ancient bone altar of Kikubaaqudgha.
  4378 | D:4      | Found a burning altar of Makhleb.
  4729 | D:5      | Noticed Grinder
  4737 | D:5      | Paralysed by Grinder for 2 turns
  4752 | D:5      | Killed Grinder
  4753 | D:5      | Reached skill level 5 in Polearms
  5011 | D:5      | Found a snail-covered altar of Cheibriados.
  5065 | D:5      | Noticed Sigmund
  5181 | D:5      | Killed Sigmund
  5182 | D:5      | Reached XP level 8. HP: 71/71 MP: 8/8
  5431 | D:6      | Noticed Dowan
  5432 | D:6      | Noticed Duvessa
  5438 | D:6      | Killed Dowan
  5445 | D:6      | Killed Duvessa
  5446 | D:6      | Reached skill level 5 in Armour
  5615 | D:6      | Noticed Blork the orc
  5626 | D:6      | Killed Blork the orc
  5752 | D:6      | Found a glowing golden altar of the Shining One.
  5851 | D:6      | Found a radiant altar of Vehumet.
  5860 | D:6      | Found an iron altar of Okawaru.
  5860 | D:6      | Found a shimmering blue altar of Sif Muna.
  5871 | D:6      | Became a worshipper of Warmaster Okawaru
  6028 | D:6      | Found Wilagreh's Antique Armour Boutique.
  6057 | D:6      | Noticed Pikel
  6189 | D:6      | Killed Pikel
  6189 | D:6      | Reached * piety under Okawaru
  6190 | D:6      | Reached XP level 9. HP: 27/82 MP: 9/9
  6465 | D:7      | Found Gypnoamisu's Armour Shop.
  6480 | D:7      | Found a staircase to the Ecumenical Temple.
  6501 | D:7      | Reached ** piety under Okawaru
  6542 | D:7      | Paralysed by a hornet for 2 turns
  6997 | D:7      | Found a hide-covered altar of Uskayaw.
  7111 | Temple   | Entered the Ecumenical Temple
  7497 | D:8      | Reached skill level 10 in Fighting
  7578 | D:8      | Noticed a centaur warrior
  7584 | D:8      | Noticed a death knight
  7588 | D:8      | Noticed a boulder beetle
  7599 | D:8      | Reached XP level 10. HP: 90/92 MP: 10/10
  7602 | D:9      | Found a staircase to the Lair.
  7653 | D:9      | Found a sacrificial altar of Ru.
  7677 | D:9      | Reached *** piety under Okawaru
  7686 | D:9      | Reached skill level 10 in Polearms
  7704 | D:9      | Noticed a two-headed ogre
  7721 | D:9      | Killed a two-headed ogre
  7752 | D:9      | Engulfed by a cloud of flame

Illustrated notes

Levels and vault maps discovered:
D:1:      matt_arrival_spirals, layout_loops_ring
D:2:      layout_basic
D:3:      layout_loops_corners
D:4:      layout_layer_cave, mainiacjoe_overflow_alcove_1, kennysheep_mini_moat,
          enter_ossuary_2, chequers_serial_rivers_small_b
D:5:      layout_cave_pools, mainiacjoe_overflow_paths, minmay_hedge_maze,
          uniq_sigmund, uniq_grinder
D:6:      layout_loops_cross, nicolae_tso_carved_into_rock,
          grunt_temple_overflow_open, serial_shops,
          nicolae_shop_temple_entry_statues_fountains, grunt_ministairs_2,
          uniq_duvessa, uniq_blork_the_orc, uniq_pikel
D:7:      layout_rooms, nicolae_uskayaw_suspiria,
          minmay_temple_entry_junction_2, serial_shops, shop_statue
D:8:      minmay_bloctagon_deflated, layout_loops_ring, lightli_minifort
D:9:      layout_cross, lemuel_doored_altar, kennysheep_ying_yang, serial_shops,
          nicolae_stop_n_shop_1, serial_park_tiny_1
Temple:   compressed_dpeg_triangle_lava_temple

Skill      XL: |  1  2  3  4  5  6  7  8  9 10 |
---------------+-------------------------------+-----
Fighting       | 1 2 3 4 5 6 8 10 | 10.9
Polearms       | 1 2 3 4 6 8 9 10 | 10.6
Shields        | 7 8 |  8.0
Armour         | 4 7 8 9 |  9.7
Throwing       | |  1.0
Stealth        | |  1.0
Spellcasting   | |  1.0
Ice Magic      | |  1.0

Action                   |  1- 3 |  4- 6 |  7- 9 | 10-12 || total
-------------------------+-------+-------+-------+-------++-------
Melee: Club              |    42 |       |       |       ||    42
       Headbutt          |     8 |    28 |    77 |    16 ||   129
       Short sword       |    32 |       |       |       ||    32
       Spear             |    45 |   177 |   399 |       ||   621
       Trident           |       |       |    13 |    84 ||    97
Invok: Heroism           |       |       |       |     1 ||     1
Evoke: Wand              |       |       |     2 |       ||     2
  Use: Potion            |     1 |       |     2 |     3 ||     6
       Scroll            |       |       |    13 |     1 ||    14
 Stab: Sleeping          |     2 |       |       |       ||     2
Armor: Leather armour    |    17 |       |       |       ||    17
       Chain mail        |     3 |    62 |   129 |    36 ||   230
Dodge: Dodged            |    50 |    40 |    56 |    17 ||   163
Block: Buckler           |    29 |    50 |   108 |    31 ||   218

Table legend: (Time is in decaauts)
 A = Elapsed time spent in this place.
 B = Non-inter-level travel time spent in this place.
 C = Inter-level travel time spent in this place.
 D = Time resting spent in this place.
 E = Time spent auto-exploring this place.
 F = Levels seen in this place.
 G = Mean time per level.
                   A        B        C        D        E       F      G
               +--------+--------+--------+--------+--------+-----+--------+
         Total |   7676 |   7362 |    314 |     44 |   3871 |  11 |  697.8 |
       Dungeon |   6980 |   6666 |    314 |     44 |   3566 |   9 |  775.6 |
        Temple |    310 |    310 |      0 |      0 |    292 |   1 |  310.0 |
       Ossuary |    385 |    385 |      0 |      0 |     13 |   1 |  385.0 |
               +--------+--------+--------+--------+--------+-----+--------+

Top non-repeatable levels by time:
     D:4: 1364 daAuts
     D:1: 1091 daAuts
     D:2: 956 daAuts
     D:3: 954 daAuts
     D:6: 926 daAuts
     D:5: 768 daAuts
     D:7: 628 daAuts
 Ossuary: 385 daAuts
  Temple: 310 daAuts
     D:8: 158 daAuts
     D:9: 132 daAuts
